 Dungeon Crawl Stone Soup version 0.14.1-26-g5a19342 (webtiles) character file.

141 Kae the Firebug (level 4, 0/24 HPs)
             Began as a Tengu Fire Elementalist on July 24, 2014.
             Succumbed to an adder's poison
             ... on Level 3 of the Dungeon.
             The game lasted 00:03:07 (2323 turns).

Kae the Firebug (Tengu Fire Elementalist)           Turns: 2323, Time: 00:03:07

HP   0/24        AC  2     Str 14      XL: 4   Next: 87%
MP   9/9         EV 12     Int 16      God:
Gold 33          SH  0     Dex 15      Spells:  3 memorised,  2 levels left

rFire  . . .     SeeInvis .     p - +0 trident
rCold  + . .     Clarity  .     a - +0 robe
rNeg   . . .     Conserve .     (no shield)
rPois  .         rCorr    .     (helmet restricted)
rElec  .         rRot     .     (no cloak)
SustAb . .       Spirit   .     (no gloves)
rMut   +         Warding  .     (boots unavailable)
Saprov . . .     Stasis   .     o - amulet of resist mutation {unknown}
MR     .....                    k - ring of protection from cold
                                i - +6 ring of strength

@: lethally poisoned, very slightly contaminated, hasted, very quick, not
resistant to hostile enchantments, fairly stealthy
A: beak, talons 3
a: no special abilities


You were on level 3 of the Dungeon.
You were hungry.

You visited 1 branch of the dungeon, and saw 3 of its levels.

You collected 33 gold pieces.

Inventory:

Hand weapons
 p - a +0,+0 trident (weapon)
Armour
 a - a +0 robe (worn)
Magical devices
 l - a wand of digging (24)
Comestibles
 c - 4 bread rations
 j - 11 strawberries
Scrolls
 e - a scroll of enchant weapon I {unknown}
 f - a scroll of enchant weapon II {unknown}
 g - 2 scrolls of recharging
 h - a scroll of fog {unknown}
 q - a scroll of remove curse
Jewellery
 i - a +6 ring of strength (left hand)
 k - a ring of protection from cold (right hand)
 o - an amulet of resist mutation (around neck) {unknown}
Books
 b - a book of Flames

   Spells                             Type                      Level
   *Flame Tongue                      Conjuration/Fire             1
   *Throw Flame                       Conjuration/Fire             2
   *Conjure Flame                     Conjuration/Fire             3
   Inner Flame                        Hexes/Fire                   3
   Sticky Flame                       Conjuration/Fire             4
   Fireball                           Conjuration/Fire             5


   Skills:
 - Level 2.1 Dodging
 - Level 2.0 Stealth
 + Level 2.9 Spellcasting
 * Level 3.7 Conjurations
 * Level 4.3 Fire Magic


You had 2 spell levels left.
You knew the following spells:

 Your Spells              Type           Power        Failure   Level  Hunger
a - Flame Tongue          Conj/Fire      ###..        4%          1    #......
b - Throw Flame           Conj/Fire      ###...       8%          2    ##.....
c - Conjure Flame         Conj/Fire      ###.....     12%         3    ###....


Dungeon Overview and Level Annotations

Branches:
Dungeon (3/15)

Altars:


Innate Abilities, Weirdness & Mutations

You have a beak for a mouth.
You have claws for feet.


Message History

* * * LOW HITPOINT WARNING * * *
You feel sick.
You see here a leather armour.
* * * LOW HITPOINT WARNING * * *
You feel sick.
* * * LOW HITPOINT WARNING * * *
You feel sick.
A rat comes into view.
* * * LOW HITPOINT WARNING * * *
You feel sick.
The helpless rat fails to defend itself.
You hit the rat.
You kill the rat!
Casting: Flame Tongue
Confirm with . or Enter, or press ? or * to list all spells.
You can't see any susceptible monsters within range! (Use Z to cast anyway.)
You see here a rat corpse.
You aren't carrying any potions.
Unknown command.
You die...

####..###....#.#
...###..##.##
...##[..#.#.#
#..##.##.##.#
#..#[###.#
###.## #.# #
#.## #.#
#..########.#
#...@...%..#
############


There were no monsters in sight!

Vanquished Creatures
  4 adders
  A gnoll (D:2)
  2 worms (D:3)
  A giant gecko (D:1)
  5 orcs
  2 ball pythons
  4 giant cockroaches
  4 hobgoblins
  3 jackals (D:2)
  A quokka (D:2)
  8 bats
  A giant newt (D:2)
  5 goblins
  5 kobolds
  4 rats
  3 toadstools (D:1)
53 creatures vanquished.

Vanquished Creatures (others)
  A toadstool (D:1)
1 creature vanquished.

Grand Total: 54 creatures vanquished

Notes
Turn   | Place    | Note
--------------------------------------------------------------
     0 | D:1      | Kae, the Tengu Fire Elementalist, began the quest for the Orb.
     0 | D:1      | Reached XP level 1. HP: 10/10 MP: 3/3
   503 | D:1      | Reached XP level 2. HP: 7/15 MP: 3/5
   980 | D:2      | Reached XP level 3. HP: 17/19 MP: 0/7
  1668 | D:2      | Reached skill level 4 in Fire Magic
  1784 | D:2      | Reached XP level 4. HP: 17/24 MP: 5/9
  1885 | D:2      | Learned a level 2 spell: Throw Flame
  1889 | D:2      | Learned a level 3 spell: Conjure Flame
  2311 | D:3      | HP: 1/24 [poisoned by an adder]
  2317 | D:3      | HP: 1/24 [poisoned by an adder]
  2323 | D:3      | Succumbed to an adder's poison

Action                   |  1- 3 |  4- 6 || total
-------------------------+-------+-------++-------
Melee: Unarmed           |    55 |       ||    55
       Trident           |     1 |    16 ||    17
 Cast: Flame Tongue      |    34 |    31 ||    65
       Throw Flame       |       |     4 ||     4
Evoke: Wand              |     1 |       ||     1
  Use: Scroll            |     6 |       ||     6
       Potion            |       |     3 ||     3
 Stab: Sleeping          |       |     3 ||     3
